Map: 16-Bit LE

Players

Nigrnog

  • Race: Zerg Zerg
  • League: Gold
  • Spawn Location: 7:00

MooEsqoo - Winner!

  • Race: Protoss Protoss
  • Spawn Location: 1:00

VOD

Have the link to the VOD?

Description

Time

  • Played on: Jan. 21, 2020, 11:09 a.m.
  • Length: 14:28
Show
View Real Time Build Order
Export as new Build Order

Nigrnog Zerg 

Build Orders: Hatch First 

Get SALT Encoding   

  12  0:01  Drone  
  13  0:12  Overlord  
  13  0:21  Drone  
  14  0:30  Drone x2  
  17  0:35  Drone  
  17  0:58  Hatchery  
  17  1:03  Drone x2  
  18  1:08  Extractor  
  18  1:09  Drone  
  18  1:28  Spawning Pool  
  18  1:31  Drone x2  
  19  1:53  Drone x2  
  21  2:09  Hatchery  
  20  2:23  Hatchery  
  19  2:34  Queen  
  21  2:40  Queen  
  21  2:44  Drone  
  24  2:50  Zergling x4  
  26  2:55  Overlord  
  26  3:02  Overlord  
  26  3:34  Hatchery, Lair  
  26  3:38  Drone  
  26  3:42  Drone  
  27  3:52  Drone x2  
  29  3:59  Spore Crawler  
  29  4:01  Spore Crawler  
  27  4:12  Drone  
  27  4:13  Drone x2  
  27  4:16  Spore Crawler  
  29  4:19  Extractor  
  28  4:27  Queen  
  31  4:31  Drone  
  31  4:34  Drone  
  31  4:38  Drone  
  33  4:44  Drone x2  
  35  4:46  Drone  
  35  4:49  Drone  
  35  4:52  Drone  
  38  4:54  Drone  
  39  5:00  Spore Crawler  
  39  5:03  Spore Crawler  
  36  5:20  Spore Crawler  
  35  5:22  Drone  
  35  5:23  Drone x2, Queen  
  40  5:38  Drone x6  
  46  5:42  Overlord  
  46  5:46  Spore Crawler  
  46  5:49  Spore Crawler  
  44  5:52  Drone  
  45  5:57  Drone x2  
  45  5:58  Drone  
  45  6:02  Metabolic Boost  
  48  6:11  Extractor  
  47  6:14  Drone, Extractor  
  47  6:15  Drone x5  
  52  6:25  Spire  
  51  6:29  Hydralisk Den  
  50  6:33  Drone x4  
  50  6:38  Queen  
  56  6:42  Pneumatized Carapace  
  56  6:43  Drone  
  56  6:44  Drone  
  58  6:48  Drone x2  
  58  6:50  Drone  
  58  6:52  Drone  
  58  6:53  Overlord  
  62  7:01  Drone x2  
  64  7:02  Overlord  
  64  7:03  Overlord  
  64  7:14  Grooved Spines  
  64  7:19  Evolution Chamber  
  64  7:21  Evolution Chamber  
  64  7:22  Drone x3  
  65  7:23  Drone x4  
  65  7:29  Overlord x2  
  69  7:36  Drone x2  
  69  7:37  Drone x4  
  73  7:41  Extractor  
  74  7:47  Drone x3  
  74  7:49  Extractor  
  76  7:52  Extractor  
  76  7:55  Mutalisk  
  76  7:56  Mutalisk x5  
  87  8:06  Extractor  
  87  8:07  Hydralisk x2  
  87  8:09  Zergling x8  
  87  8:10  Zergling x8  
  87  8:12  Overlord  
  98  8:15  Drone  
  98  8:16  Drone x3  
  98  8:18  Overlord  
  102  8:20  Overlord  
  102  8:25  Muscular Augments  
  102  8:27  Overseer x3  
  102  8:46  Zerg Missile Weapons Level 1  
  102  8:51  Hydralisk x3  
  108  8:59  Drone x4  
  108  9:00  Drone x8  
  108  9:01  Drone x3  
  123  9:05  Hydralisk  
  123  9:07  Overlord  
  123  9:08  Overlord x2  
  123  9:09  Overlord  
  125  9:20  Drone  
  125  9:21  Overlord  
  125  9:22  Overlord x3  
  126  9:30  Drone x4  
  130  9:32  Corruptor  
  130  9:33  Corruptor x3  
  130  9:36  Zerg Flyer Weapons Level 1, Hydralisk  
  130  9:37  Hydralisk x3  
  146  9:47  Hydralisk x5  
  156  9:56  Zerg Ground Armor Level 1  
  156  10:02  Infestation Pit  
  156  10:05  Zergling x12  
  156  10:06  Zergling x14  
  168  10:15  Drone x3, Baneling Nest  
  168  10:16  Drone  
  168  10:21  Drone  
  172  10:26  Drone  
  172  10:27  Drone x5  
  178  10:32  Extractor  
  178  10:34  Extractor  
  176  10:37  Hydralisk x5  
  176  10:38  Hydralisk x2  
  176  10:39  Overlord  
  190  10:56  Zerg Missile Weapons Level 2  
  190  11:02  Hive  
  190  11:08  Overlord  
  190  11:09  Overlord x4, Drone, Hydralisk x3  
  197  11:13  Overlord  
  197  11:14  Overlord  
  197  11:17  Centrifical Hooks  
  197  11:30  Zerg Flyer Armor Level 1  
  140  11:47  Hydralisk  
  140  11:48  Hydralisk x8  
  140  11:49  Hydralisk x3  
  158  11:57  Mutalisk x5, Hydralisk x2  
  158  11:58  Mutalisk x2  
  172  12:08  Zergling x10  
  165  12:14  Mutalisk  
  165  12:15  Mutalisk x3  
  175  12:18  Zergling x2  
  172  12:31  Mutalisk x3  
  172  12:35  Zergling x8  
  172  12:36  Zergling x16  
  190  12:40  Adrenal Glands  
  190  12:42  Zergling x2  
  190  12:43  Zergling x6  
  194  12:49  Mutalisk  
  196  12:56  Zergling x4  
  198  12:58  Overlord x3  
  198  13:13  Baneling  
  198  13:14  Baneling x8  
  198  13:15  Baneling x9  
  198  13:16  Baneling x7  
  198  13:17  Baneling x5  
  198  13:18  Baneling  
  198  13:19  Baneling  
  198  13:21  Overlord x4  
  198  13:22  Overlord x3  
  198  13:30  Baneling x4  
  198  13:31  Baneling x6  
  128  14:04  Hydralisk  
Show
View Real Time Build Order
Export as new Build Order

MooEsqoo Protoss - Winner!

Build Orders: 1 Gate Expand, Oracle Opening 

Get SALT Encoding   

  12  0:02  Probe  
  13  0:17  Pylon  
  13  0:20  Probe  
  14  0:32  Probe  
  15  0:38  Gateway  
  15  0:45  Probe (Chrono Boost)  
  16  0:54  Assimilator  
  17  0:57  Probe (Chrono Boost)  
  17  1:05  Probe (Chrono Boost)  
  18  1:17  Probe  
  19  1:32  Nexus  
  19  1:41  Cybernetics Core  
  19  1:53  Probe  
  20  1:58  Assimilator  
  20  2:04  Pylon  
  20  2:05  Probe  
  21  2:14  Stalker (Chrono Boost)  
  23  2:26  Warp Gate  
  23  2:28  Probe (Chrono Boost)  
  25  2:38  Probe (Chrono Boost)  
  25  2:43  Probe (Chrono Boost)  
  25  2:46  Probe  
  25  2:51  Shield Battery, Stalker  
  29  2:56  Probe  
  29  2:58  Probe  
  31  3:08  Stargate, Probe  
  31  3:10  Probe  
  33  3:20  Probe  
  33  3:22  Probe  
  33  3:23  Stalker (Chrono Boost)  
  37  3:32  Probe  
  38  3:34  Probe  
  38  3:39  Gateway  
  39  3:44  Probe  
  39  3:46  Probe  
  41  3:50  Stalker (Chrono Boost)  
  41  3:51  Oracle (Chrono Boost)  
  46  4:08  Pylon  
  46  4:15  Assimilator  
  46  4:17  Assimilator  
  46  4:26  Probe x2  
  46  4:31  Sentry  
  50  4:42  Robotics Facility, Probe x2  
  52  4:45  Nexus  
  52  4:54  Probe x2  
  54  5:19  Pylon  
  54  5:21  Pylon  
  54  5:23  Pylon  
  54  5:24  Pylon  
  54  5:25  Gateway, Pylon  
  54  5:27  Gateway  
  54  5:37  Probe x2  
  56  5:48  Observer (Chrono Boost)  
  56  5:49  Probe  
  59  5:50  Probe  
  59  6:02  Warp Prism (Chrono Boost), Probe x2  
  59  6:04  Probe  
  64  6:10  Assimilator  
  64  6:14  Assimilator, Probe x2  
  64  6:16  Forge, Probe  
  64  6:17  Pylon  
  67  6:18  Twilight Council  
  67  6:26  Probe x2  
  67  6:28  Probe  
  67  6:31  Sentry x2, Stalker  
  76  6:32  Zealot  
  76  6:36  Phoenix  
  80  6:45  Probe x3  
  83  6:54  Charge  
  83  6:57  Probe x3  
  83  7:00  Protoss Ground Weapons Level 1 (Chrono Boost)  
  86  7:07  Immortal (Chrono Boost)  
  86  7:08  Templar Archives  
  86  7:09  Probe x3  
  93  7:21  Probe x2  
  93  7:22  Probe  
  96  7:33  Probe x2  
  96  7:34  Probe  
  99  7:45  Probe  
  99  7:46  Probe x2  
  102  7:53  High Templar x3  
  102  7:54  High Templar  
  102  7:58  Probe  
  111  8:02  Gateway  
  111  8:04  Gateway  
  111  8:06  Gateway  
  111  8:08  Archon x2  
  111  8:10  Gateway  
  111  8:11  Gateway  
  111  8:18  Shield Battery  
  111  8:21  Probe  
  111  8:26  High Templar  
  111  8:27  High Templar  
  116  8:34  Pylon  
  116  8:35  Pylon  
  116  8:36  Pylon  
  116  8:39  Pylon  
  116  8:40  Pylon  
  116  8:51  Phoenix (Chrono Boost)  
  118  8:55  Stargate  
  118  9:09  Phoenix (Chrono Boost)  
  120  9:23  Photon Cannon  
  120  9:24  Photon Cannon  
  120  9:31  Phoenix (Chrono Boost)  
  122  9:41  High Templar x4  
  122  9:42  High Templar x2  
  134  9:46  Archon  
  134  9:47  Zealot  
  134  9:48  Zealot x2  
  134  9:49  Phoenix (Chrono Boost)  
  142  9:56  Archon x3  
  142  10:00  Phoenix (Chrono Boost)  
  144  10:11  Phoenix (Chrono Boost)  
  146  10:19  Phoenix (Chrono Boost)  
  148  10:21  Zealot x3  
  148  10:22  Zealot  
  148  10:23  Protoss Ground Weapons Level 2 (Chrono Boost)  
  156  10:32  Pylon  
  156  10:33  Pylon  
  156  10:35  Pylon x2  
  156  10:36  Pylon, Nexus  
  156  10:37  Pylon  
  156  10:39  Pylon  
  156  10:46  Protoss Air Weapons Level 1 (Chrono Boost)  
  156  10:56  Pylon  
  156  10:59  Assimilator  
  156  11:00  Zealot x6  
  156  11:01  Zealot x3  
  156  11:03  Assimilator  
  174  11:08  Immortal  
  178  11:21  Shield Battery  
  178  11:22  Shield Battery  
  178  11:23  Shield Battery  
  151  11:44  Stalker x4  
  151  11:45  Zealot x5  
  161  12:00  Warp Prism (Chrono Boost)  
  159  12:30  Phoenix (Chrono Boost)  
  159  12:31  Phoenix (Chrono Boost)  
  163  12:47  Phoenix x2 (Chrono Boost)  
  167  13:06  Zealot x5  
  167  13:07  Zealot, High Templar x2  
  167  13:08  Zealot  
  167  13:10  Phoenix (Chrono Boost)  
  167  13:11  Archon  
  187  13:21  Phoenix (Chrono Boost)  
  189  13:28  High Templar x3  
  189  13:29  High Templar x2  
  189  13:32  Archon x2  
  139  14:08  Zealot x3  
  139  14:09  Zealot x6  
Tags
 
Add a new tag
Caveats
  • Supply blocks, unpowered buildings, or Contaminate may cause inaccurate times.
  • Supply counts are checked every 10 seconds.